 Dungeon Crawl Stone Soup version 0.28.0-43-g3370ac3207 (webtiles) character file.

Game seed: 5316709957958745262

674605 flyleaff the Conqueror (level 27, -6/199 HPs)
             Began as a Gargoyle Berserker on Feb 17, 2022.
             Was a High Priest of Trog.
             Killed from afar by a Killer Klown (22 damage)
             ... with a klown pie
             ... on level 5 of the Realm of Zot on Mar 1, 2022.
             The game lasted 05:15:06 (76149 turns).

flyleaff the Conqueror (Gargoyle Berserker)        Turns: 76149, Time: 05:15:07

Health: -6/199     AC: 58    Str: 36 (37) XL:     27
Magic:  20/20      EV: 13    Int: 11 (12) God:    Trog [*****.]
Gold:   3478       SH: 24    Dex: 13      Spells: 26/26 levels left

rFire   + + +      SeeInvis .   u - +9 eveningstar (vamp)
rCold   + + .      Faith    .   p - +5 kite shield
rNeg    + + .      Spirit   .   L - +4 gold dragon scales
rPois   ∞          Reflect  +   P - +2 hat of Boiling Hail {rElec rPois Dex-2 Slay+5}
rElec   +          Harm     +   f - +2 cloak "Ewniu" {+Inv rC+ Will+ Int+3}
rCorr   +          Rampage  .   a - +0 pair of gloves of the Shrike {Harm rCorr Str+3}
Will    +++++      Rage     1%  U - +2 pair of boots {Stlth+}
Stlth   ..........              H - amulet of reflection
HPRegen 1.43/turn               V - ring "Cuomaleq" {rN+ Will+ Str+6 Stlth-}
MPRegen 0.17/turn               O - ring of Hycet {rF+ Slay+5}

@: about to teleport, marked, strong-willed, unable to drink, on berserk
cooldown, flying, regenerating, slowed, constricted, very slow
A: sickness immunity, AC +20, big wings, negative energy resistance 1,
electricity resistance, torment resistance 1, petrification resistance, berserk
1, deformed body, deterioration 2, fire resistance 1, low MP 1, wild magic 1
}: 5/15 runes: serpentine, barnacled, slimy, silver, abyssal
a: Renounce Religion, Evoke Invisibility, Berserk, Trog's Hand, Brothers in Arms


You were on level 5 of the Realm of Zot.
You worshipped Trog.
Trog was extremely pleased with you.
You visited 13 branches of the dungeon, and saw 58 of its levels.
You visited the Abyss 2 times.
You visited 1 bazaar.
You also visited: Ossuary, Bailey, Volcano and Wizlab.

You collected 7332 gold pieces.
You spent 3854 gold pieces at shops.

Inventory:

Hand Weapons
 b - the +4 scimitar of Spores {spect, Will+ MP+9 Dex+6}
   (You found it on level 3 of the Realm of Zot)

   When its wielder attacks, the weapon's spirit leaps out and strikes again.
   The spirit shares a part of any damage it takes with its wielder.
   Dex:       It affects your dexterity (+6).
   MP:        It affects your magic capacity (+9).
   Will:      It increases your willpower.
 i - the +13 mace of Ehiukk {flame, Dex+2}
   (Trog gifted it to you on level 5 of the Vaults)

   It burns those it strikes, dealing additional fire damage.
   Dex:       It affects your dexterity (+2).
 l - the +8 short sword of Nightmares {spect, rC+ Str+3}
   (You found it on level 3 of the Realm of Zot)

   When its wielder attacks, the weapon's spirit leaps out and strikes again.
   The spirit shares a part of any damage it takes with its wielder.
   Str:       It affects your strength (+3).
   rC:        It protects you from cold.
 u - a +9 vampiric eveningstar (weapon)
Missiles
 j - 14 datura-tipped darts
 n - 3 poisoned darts
 A - 9 curare-tipped darts
 I - 16 atropa-tipped darts (quivered)
Armour
 a - the +0 pair of gloves of the Shrike (worn) {Harm rCorr Str+3}
   (You found it on level 3 of the Elven Halls)

   Str:       It affects your strength (+3).
   rCorr:     It protects you from acid and corrosion.
   Harm:      It increases damage dealt and taken.
 f - the +2 cloak "Ewniu" (worn) {+Inv rC+ Will+ Int+3}
   (You found it on level 2 of the Depths)

   Int:       It affects your intelligence (+3).
   rC:        It protects you from cold.
   +Inv:      It lets you turn invisible.
   Will:      It increases your willpower.
 p - a +5 kite shield (worn)
 L - +4 gold dragon scales (worn)
 P - the +2 hat of Boiling Hail (worn) {rElec rPois Dex-2 Slay+5}
   (You acquired it on level 8 of the Dungeon)

   Dex:       It affects your dexterity (-2).
   Slay:      It affects your accuracy & damage with ranged weapons and melee
   (+5).
   rElec:     It insulates you from electricity.
   rPois:     It protects you from poison.
 U - a +2 pair of boots of stealth (worn)
Jewellery
 h - the amulet of Ozijeir {rElec Regen+ Int+2 Stlth+}
   (You acquired it on level 2 of the Realm of Zot)

   [amulet of regeneration]

   Int:       It affects your intelligence (+2).
   rElec:     It insulates you from electricity.
   Regen:     It increases your rate of health regeneration.
   Stlth:     It makes you more stealthy.
 H - an amulet of reflection (around neck)
 O - the ring of Hycet (right hand) {rF+ Slay+5}
   (You acquired it on level 9 of the Dungeon)

   [ring of protection from fire]

   Slay:      It affects your accuracy & damage with ranged weapons and melee
   (+5).
   rF:        It protects you from fire.
 V - the ring "Cuomaleq" (left hand) {rN+ Will+ Str+6 Stlth-}
   (You found it on level 10 of the Dungeon)

   [ring of strength]

   Str:       It affects your strength (+6).
   rN:        It protects you from negative energy.
   Will:      It increases your willpower.
   Stlth:     It makes you less stealthy.
 Z - the ring of Qablo {rN+ Int+6 SInv}
   (You took it off a deep elf zephyrmancer on level 3 of the Elven Halls)

   [ring of intelligence]

   Int:       It affects your intelligence (+6).
   rN:        It protects you from negative energy.
   SInv:      It lets you see invisible.
Wands
 e - a wand of polymorph (7)
 s - a wand of mindburst (9)
 t - a wand of charming (2)
 w - a wand of iceblast (15)
 M - a wand of digging (13)
 N - a wand of acid (25)
 R - a wand of paralysis (5)
Scrolls
 c - a scroll of blinking
 d - a scroll of enchant weapon
 g - 19 scrolls of teleportation
 k - 7 scrolls of fog
 o - a scroll of enchant armour
 v - a scroll of magic mapping
 S - 12 scrolls of fear
Potions
 m - 24 potions of curing
 r - 9 potions of heal wounds
 x - 3 potions of ambrosia
 C - 2 potions of might
 D - 3 potions of haste
 G - 2 potions of resistance
 K - 5 potions of cancellation
Miscellaneous
 q - the horn of Geryon
 B - a tin of tremorstones (1/2)
 J - a box of beasts
 T - a phial of floods
 X - a lightning rod (4/4)
 Y - a phantom mirror


   Skills:
 O Level 27 Fighting
 - Level 21.2 Maces & Flails
 - Level 1.0 Bows
 O Level 27 Armour
 - Level 21.1 Dodging
 - Level 17.9 Shields
 + Level 17.1 Evocations


You had 26 spell levels left.
You didn't know any spells.
Your spell library contained the following spells:

 Spells                   Type           Power      Damage    Failure   Level
 Borgnjor's Revivificati  Necr           0%         N/A       100%        8
 Necromutation            Tmut/Necr      0%         N/A       100%        8
 Death's Door             Necr           0%         N/A       100%        9


Dungeon Overview and Level Annotations

Branches:
Dungeon (15/15)            Temple (1/1) D:6            Lair (6/6) D:8
 Shoals (4/4) Lair:2        Snake (4/4) Lair:2        Slime (5/5) Lair:6
    Orc (2/2) D:9             Elf (3/3) Orc:2        Vaults (5/5) D:13
  Crypt (3/3) Vaults:3       Tomb (0/3) Crypt:3      Depths (4/4) D:15
   Hell (visited)             Dis (0/7) Hell            Geh (0/7) Hell
    Coc (0/7) Hell            Tar (0/7) Hell            Zot (5/5) Depths:4
Ossuary (visited)          Bailey (visited)         Volcano (visited)
 WizLab (visited)

Altars:
Ashenzari
Cheibriados
Dithmenos
Elyvilon
Fedhas
Gozag
Hepliaklqana
Kikubaaqudgha
Makhleb
Nemelex Xobeh
Okawaru
Qazlal
Ru
Sif Muna
Trog
Uskayaw
Vehumet
Wu Jian
Xom
Yredelemnul
Zin
The Shining One
Jiyva

Shops:
D:10 ((=   D:12 !   Orc:1 (![   Orc:2 ?***   Elf:2 :   Elf:3 !   Snake:1 :=(
Vaults:1 (   Vaults:4 ?   Depths:1 [   Depths:2 ?=?=[   Depths:4 *

Portals:
Hell: Depths:1 Depths:2 Depths:3 Depths:4
Abyss: Depths:3
Pandemonium: Depths:2 Depths:3
Ziggurat: Depths:2
Trove: D:15 (give +3 ice dragon scales)

Annotations:
D:14 1 runed translucent door
Shoals:2 exclusion: upstairs
Shoals:3 exclusion: upstairs
Shoals:4 exclusion: upstairs
Orc:2 exclusion: upstairs


Innate Abilities, Weirdness & Mutations

You are immune to sickness and miasma.
Your stone body is resilient. (AC +20)
You are immune to poison.
Your large and strong wings let you fly.
You resist negative energy. (rN+)
You are resistant to electric shocks. (rElec)
You are resistant to unholy torment.
You are immune to petrification.
You tend to lose your temper in combat.
Armour fits poorly on your strangely shaped body.
Your body often deteriorates upon taking damage.
Your flesh is heat resistant. (rF+)
Your magical capacity is low. (-10% MP)
Your spells are a little harder to cast, but a little more powerful.


Message History

You destroy the wandering mushroom!
The wandering mushroom disappears in a puff of smoke!
The burst of rock shards engulfs the green draconian!
The burst of rock shards engulfs the storm dragon!
You block the Orb Guardian's attack. You block the death cob's attack.
You block the Orb Guardian's attack. The Killer Klown pies you viciously!
The klown pie reflects off an invisible shield around you!
The klown pie hits the Orb Guardian!!
Cherry!
The Orb Guardian looks more vulnerable to fire.
The death cob hits you but does no damage.
The green draconian hits you from afar with a +0 glaive!
* * * LOW HITPOINT WARNING * * *
The Orb Guardian hits you but does no damage.
The electric golem blinks!
The Killer Klown enters a dispersal trap!
The Brimstone Fiend blinks!
The green draconian blinks!
The wandering mushroom blinks!
The green draconian blinks!
The deathcap blinks! x2
The Executioner blinks!
The orb of fire blinks!
The electric golem blinks!
The death cob blinks!
The green draconian blinks!
The wandering mushroom blinks!
The orb of fire blinks!
The Orb Guardian blinks!
The storm dragon blinks!
The green draconian blinks!
The wandering mushroom blinks!
The Orb Guardian blinks!
The Killer Klown blinks!
The tentacled monstrosity tentacle-slaps you but does no damage. x2
The tentacled monstrosity closely misses you.
The tentacled monstrosity constricts you.
You hear a roar!
The electric golem hurls lightning at you.
The bolt of lightning hits you! You resist.
* * * LOW HITPOINT WARNING * * *
A Killer Klown comes into view. It is wielding a +9 club.
The Killer Klown blinks!
The storm dragon rages.
You block the tentacled monstrosity's attack. x2
The tentacled monstrosity tentacle-slaps you but does no damage.
The tentacled monstrosity constricts you.
The Killer Klown pies you viciously! The klown pie hits you!!
Lemon!
You feel unable to drink.
You die...

#.........§.§.......?#
##
#..§..f...[..§.......#
#
#....................#
#
#....*...p.f.f.§.....#
#^
#..^........X§...§...#
#.
#.^.§.1.§....^...§.$.#
#......X§.†p..^....##
#§...§§§§§.......##
##f..§.@§§..§..^..§
▓▓..§XX##▓▓▓▓▓▓▓▓▓


▓..p.XzqX ▓.......XXq. ▓....9d...Xdy.. ▓..........fXp.. ▓.$..........^..
▓.............. You could see an orb of fire, 3 Killer Klowns, an electric
golem, a tentacled monstrosity, a green draconian monk, a yellow draconian, a
green draconian (berserk), a curse toe, 8 Orb Guardians, an Executioner
(summoned, fast), 2 deathcaps and 3 wandering mushrooms.

Vanquished Creatures
  the Royal Jelly (Slime:5)
  2 ancient liches
  An orb of fire (Zot:4)
  The ghost of stpyramids the Pandemonic, a legendary DDFi of Makhleb (Zot:1)
  Sojobo (Vaults:3)
  4 Killer Klowns
  Xtahua (Depths:3)
  Geryon (Hell)
  2 curse toes
  A caustic shrike (Depths:2)
  Nikola (Depths:2)
  A profane servitor (Crypt:3)
  11 golden dragons
  2 bone dragons (Abyss:2)
  the Enchantress (Depths:2)
  2 electric golems
  Jory (Vaults:4)
  8 Orb Guardians (Zot:5)
  12 tentacled monstrosities
  A walking earthen tome (Depths:4)
  7 liches
  5 searing wretches
  7 deep elf blademasters (Elf:3)
  11 death cobs
  19 acid blobs
  4 quicksilver dragons
  2 deep elf master archers (Elf:3)
  10 sphinxes
  9 tentacled starspawn
  4 titans (Vaults:5)
  A kraken (Shoals:4)
  8 ancient champions
  9 shadow dragons
  Roxanne (D:14)
  13 storm dragons
  3 draconian monks
  3 revenants
  12 azure jellies
  6 tengu reavers
  9 rockslimes
  7 fire giants
  Ilsuiw (Shoals:3)
  7 frost giants
  4 draconian knights
  11 nagarajas
  7 ghost moths
  2 balrugs
  2 iron dragons
  16 vault wardens
  4 emperor scorpions (D:14)
  Aizul (Shoals:4)
  A cacodemon (Abyss:2)
  2 curse skulls
  6 draconian scorchers
  12 deep elf sorcerers
  12 ghouls
  6 deep elf elementalists
  5 draconian stormcallers
  5 draconian shifters
  3 draconian annihilators
  3 spriggan defenders (Depths:2)
  15 quicksilver oozes
  12 ironbound preservers
  2 war gargoyles
  2 caustic shrike skeletons
  7 reapers
  19 stone giants
  9 vampire knights
  2 juggernaut skeletons (Depths:2)
  40 very ugly things
  5 ironbound thunderhulks
  3 entropy weavers
  8 deep elf demonologists
  11 green draconians
  14 white draconians
  Azrael (Snake:2)
  16 yellow draconians
  10 purple draconians
  8 red draconians
  23 black draconians
  12 deep elf annihilators
  12 dire elephants
  A minotaur (shapeshifter) (Vaults:5)
  A wendigo (Hell)
  The ghost of ChodeyFoster420 the Severer, a journeyman MiBe of Trog (D:13)
  5 eidola
  2 crystal guardians
  10 deep elf death magi
  21 ettins
  An ettin (shapeshifter) (Vaults:3)
  2 green deaths
  A quicksilver dragon zombie (Crypt:1)
  A mummy priest (Crypt:3)
  14 jiangshi
  2 blizzard demons
  A merfolk javelineer (Shoals:3)
  5 merfolk impalers (Shoals:4)
  17 yaktaur captains
  5 deep elf high priests
  15 great orbs of eyes
  5 fire dragons
  23 naga warriors
  9 hydras
  4 spriggan zombies
  A peacekeeper (Vaults:4)
  2 rakshasas
  3 boulder beetles
  5 spriggan air magi
  38 vault guards
  5 salamander tyrants
  6 ice dragons
  3 ogre magi
  18 centaur warriors
  2 alligator snapping turtles (Shoals:4)
  20 anacondas
  3 catoblepae (Lair:6)
  9 ironbound frosthearts
  A satyr (Shoals:4)
  3 merfolk avatars
  5 death knights
  35 dancing weapons
  14 death yaks
  A merfolk aquamancer (Shoals:4)
  17 two-headed ogres
  2 tengu warriors
  10 deep troll earth magi
  14 naga sharpshooters
  2 deep troll shamans (Depths:2)
  11 vampire magi
  7 hell hogs
  5 orc high priests (Orc:2)
  15 thrashing horrors
  A spriggan berserker (Depths:4)
  6 soul eaters
  4 sun demons
  6 shock serpents
  27 deep elf knights
  22 hell knights
  Sonja (Lair:4)
  An emperor scorpion zombie (Crypt:1)
  10 iron trolls
  7 salamander mystics
  41 skeletal warriors
  2 crystal echidnas (Hell)
  2 shadow wraiths
  3 titan skeletons
  A fire crab (Abyss:2)
  A sixfirhy (Abyss:3)
  32 deep trolls
  6 spatial maelstroms
  14 wretched stars
  7 naga ritualists
  17 sea snakes
  2 storm dragon skeletons (Depths:2)
  15 wizards
  2 shadow demons
  11 flayed ghosts
  A spriggan simulacrum (Hell)
  19 phantasmal warriors
  9 glowing orange brains
  4 golden dragon skeletons
  7 lindwurms
  An iron giant skeleton (Crypt:2)
  An orange crystal statue (Zot:5)
  15 ironbound convokers
  An anaconda skeleton (Abyss:4)
  2 bog bodies
  41 deep elf zephyrmancers
  Pikel (D:7)
  18 harpies
  A shadow dragon zombie (Vaults:5)
  29 deep elf pyromancers
  An obsidian statue (WizLab)
  5 orc knights
  21 deep elf archers
  7 orc sorcerers
  2 sphinx skeletons
  5 manticores
  17 necromancers
  8 shining eyes
  8 tengu skeletons
  14 mana vipers
  An oklob plant (Lair:5)
  8 wolf spiders
  45 ugly things
  9 worldbinders
  17 salamanders
  9 cyclopes
  A goliath frog skeleton (Crypt:1)
  22 moths of wrath
  4 iron dragon skeletons (Depths:2)
  A stone giant zombie (Crypt:2)
  2 black mambas (shapeshifter)
  A shock serpent zombie (Crypt:3)
  5 toenail golems (Volcano)
  18 elephants
  A frost giant skeleton (Depths:2)
  A fire giant skeleton (Depths:2)
  2 apocalypse crabs (Abyss:3)
  2 stone giant skeletons
  An orc zombie (Crypt:2)
  45 black mambas
  6 water nymphs
  23 naga magi
  9 smoke demons
  5 merfolk sirens
  6 guardian serpents
  16 vault sentinels
  3 rust devils
  A guardian serpent (shapeshifter) (Vaults:5)
  16 cane toads
  2 torpor snails
  2 eyes of devastation
  A demonspawn skeleton (WizLab)
  2 gargoyles
  A cane toad (shapeshifter) (D:14)
  2 kobold demonologists
  2 unseen horrors
  Maggie (D:8)
  2 orange demons
  A demonic crawler (WizLab)
  A hellion (Abyss:1)
  A bunyip simulacrum (Crypt:2)
  6 rime drakes
  2 efreet (Abyss:2)
  2 purple draconian zombies
  7 freezing wraiths
  38 yaktaurs
  A minotaur skeleton (Crypt:1)
  7 komodo dragons
  4 ice devils
  A tengu conjurer (Depths:1)
  16 ancient zymes
  6 trolls
  A yellow draconian skeleton (Crypt:2)
  8 guardian mummies (Crypt:3)
  2 yaktaur skeletons (Vaults:3)
  5 human skeletons
  A silent spectre (Abyss:4)
  A death drake zombie (Crypt:1)
  3 spriggan skeletons
  5 wind drakes
  3 harpy zombies
  6 hornets
  14 merfolk
  3 polar bears
  A harpy skeleton (Crypt:3)
  A tarantella zombie (Crypt:3)
  Prince Ribbit (Bailey)
  2 ettin zombies
  43 raiju
  An ice dragon zombie (Crypt:1)
  3 snapping turtles
  79 slime creatures
  13 dream sheep
  27 large abominations
  A hydra skeleton (Crypt:3)
  37 blink frogs
  A merfolk skeleton (Crypt:1)
  2 centaur simulacra (Abyss:2)
  2 ettin skeletons
  A human simulacrum (Vaults:5)
  9 ynoxinuls
  5 air elementals
  10 flying skulls (Depths:2)
  4 spriggans
  4 vampires
  55 yaks
  An ice dragon skeleton (Crypt:3)
  A dire elephant simulacrum (Hell)
  27 small abominations
  11 water elementals
  A shadow (D:11)
  9 fire elementals
  A naga simulacrum (Hell)
  4 basilisks
  4 wyverns
  7 wraiths
  7 neqoxecs
  A golden eye (shapeshifter) (D:13)
  10 golden eyes (Slime:5)
  5 humans (Bailey)
  4 vampire mosquitoes (D:12)
  A redback (shapeshifter) (Vaults:4)
  6 chaos spawn
  A deep troll zombie (Crypt:2)
  A wind drake skeleton (Crypt:2)
  Edmund (D:4)
  38 nagas
  4 wargs
  3 harpy simulacra
  7 spatial vortices
  13 water moccasins
  2 acid dragons
  A floating eye (Abyss:4)
  4 hell hounds
  20 orc warriors
  A deep troll skeleton (Crypt:1)
  2 ice beasts
  A naga skeleton (Crypt:1)
  A black bear (Lair:2)
  5 necrophages
  An ogre skeleton (Vaults:3)
  3 ettin simulacra (Depths:3)
  A snapping turtle zombie (Crypt:2)
  A boggart (WizLab)
  9 wolves
  9 ogres
  5 centaurs
  A torpor snail zombie (Crypt:3)
  A hog zombie (Crypt:2)
  A lemure (D:7)
  A gnoll sergeant (D:7)
  17 bullfrogs
  3 wyvern zombies
  A scorpion (D:4)
  2 earth elementals
  A water moccasin zombie (Ossuary)
  A water moccasin skeleton (D:6)
  6 wights
  A troll skeleton (Crypt:2)
  3 electric eels (D:7)
  3 howler monkeys
  2 crimson imps
  58 starcursed masses
  8 bullfrog zombies
  5 centaur zombies
  A jelly (D:5)
  A quasit (Abyss:3)
  16 orc priests
  4 centaur skeletons
  8 iron imps
  2 hounds (D:5)
  3 iguanas
  18 orc wizards
  Natasha (D:3)
  A hell rat (D:8)
  5 killer bee zombies (Ossuary)
  A demigod skeleton (Crypt:3)
  8 mummies (Ossuary)
  A howler monkey zombie (D:8)
  5 adders
  4 gnolls
  4 river rats (D:8)
  5 white imps
  2 ufetubi
  An adder zombie (Crypt:1)
  2 adder skeletons (D:4)
  3 worms
  A barachi skeleton (Crypt:3)
  A barachi zombie (Crypt:1)
  A dart slug (D:1)
  49 orcs
  7 ball pythons
  6 bats
  9 endoplasms
  3 giant cockroaches
  19 goblins
  13 hobgoblins
  3 jackals (D:3)
  4 quokkas
  6 frilled lizards
  2 goblin zombies
  A jackal skeleton (Crypt:1)
  8 kobolds
  6 rats
  9 fire vortices (Hell)
  5 lurking horrors
  4 starspawn tentacles
2772 creatures vanquished.

Vanquished Creatures (collateral kills)
  The ghost of Qiwept the Fencer, a veteran BaIE of Cheibriados (Depths:1)
  The ghost of taxman66 the Executioner, an adept MiGl of Okawaru (Elf:3)
  A rockslime (Slime:5)
  A yellow draconian (Depths:4)
  A purple draconian (Depths:4)
  A naga warrior (Snake:4)
  2 merfolk aquamancers (Shoals:4)
  A merfolk avatar (Shoals:4)
  An alligator snapping turtle (Shoals:4)
  3 deep troll shamans (Depths:4)
  A naga sharpshooter (Snake:2)
  2 tengu warriors (Depths:4)
  3 sea snakes (Shoals:4)
  2 deep trolls (Depths:4)
  2 harpies (Shoals:4)
  3 manticores (Shoals:4)
  A merfolk siren (Shoals:4)
  5 merfolk (Shoals:4)
  A hornet (Depths:4)
  A wind drake (Shoals:4)
  4 dream sheep (Shoals:4)
  A snapping turtle (Shoals:4)
  2 water elementals (Shoals:4)
  A spriggan (Depths:4)
42 creatures vanquished.

Vanquished Creatures (others)
  An eldritch tentacle (WizLab)
  A draconian knight (Zot:1)
  A yellow draconian (Zot:4)
  A stoker (Hell)
  A sun demon (Hell)
  A deep elf knight (Elf:1)
  A flayed ghost (Depths:2)
  2 wizards (Vaults:2)
  A deep elf pyromancer (Elf:2)
  A guardian serpent (Snake:4)
  A stone giant simulacrum (Hell)
  A centaur simulacrum (Hell)
  A naga (Snake:4)
  An orc warrior (Orc:2)
  2 ettin simulacra (Hell)
  2 small abominations (Abyss:3)
  4 orcs
  2 bushes (Lair:2)
  A creeping inferno (Hell)
  19 fungi
  5 lurking horrors
  64 plants
  23 starspawn tentacles
  4 tentacles (Shoals:4)
  12 withered plants (Ossuary)
153 creatures vanquished.

Grand Total: 2967 creatures vanquished

Notes
Turn   | Place    | Note
-------+----------+-------------------------------------------
     0 | D:1      | flyleaff the Gargoyle Berserker began the quest for the
                  | Orb.
     0 | D:1      | Reached XP level 1. HP: 14/14 MP: 1/1
   285 | D:1      | Reached XP level 2. HP: 12/19 MP: 2/2
  1501 | D:2      | Reached XP level 3. HP: 16/24 MP: 3/3
  2293 | D:2      | Reached XP level 4. HP: 25/30 MP: 4/4
  2681 | D:3      | Found a hide-covered altar of Uskayaw.
  2693 | D:3      | Reached ** piety under Trog
  2797 | D:3      | Found a faded altar of an unknown god.
  2883 | D:3      | Found a stormy altar of Qazlal.
  2918 | D:3      | Found a burning altar of Makhleb.
  3461 | D:3      | Noticed Natasha
  3479 | D:3      | Killed Natasha
  3480 | D:3      | Reached XP level 5. HP: 30/34 MP: 5/5
  3483 | D:3      | Found an ancient bone altar of Kikubaaqudgha.
  3575 | D:3      | Found a basalt altar of Yredelemnul.
  3603 | D:3      | Reached skill level 5 in Fighting
  4343 | D:4      | Reached XP level 6. HP: 32/41 MP: 6/6
  4566 | D:4      | Noticed Edmund
  4578 | D:4      | Killed Edmund
  4786 | D:4      | Reached XP level 7. HP: 47/47 MP: 7/7
  5267 | D:5      | Entered Level 5 of the Dungeon
  5302 | D:5      | Found an ornate altar of the Wu Jian Council.
  5318 | D:5      | Reached skill level 5 in Maces & Flails
  5344 | D:5      | Reached skill level 5 in Armour
  5708 | D:6      | Found a staircase to the Ecumenical Temple.
  5721 | Temple   | Entered the Ecumenical Temple
  5969 | D:6      | Reached XP level 8. HP: 50/53 MP: 8/8
  6094 | D:6      | Found a shimmering altar of Xom.
  6110 | D:6      | Found an opulent altar of Gozag.
  6738 | D:7      | Identified a scroll of acquirement
  6738 | D:7      | Acquired the +7 crystal plate armour of Ignis's Displeasure
                  | {rElec Int+2}
  6883 | D:7      | Noticed a gargoyle
  6888 | D:7      | Found a shimmering blue altar of Sif Muna.
  6909 | D:7      | Killed a gargoyle
  7134 | D:7      | Reached XP level 9. HP: 60/60 MP: 9/9
  7147 | D:7      | Found a white marble altar of Elyvilon.
  7217 | D:7      | Found a sand-covered staircase.
  7227 | Ossuary  | Entered an ossuary
  7328 | Ossuary  | Reached *** piety under Trog
  7666 | D:7      | Found Monwo's Distillery.
  7675 | D:7      | Bought a potion of curing for 39 gold pieces
  7675 | D:7      | Bought a potion of mutation for 104 gold pieces
  7675 | D:7      | Bought a potion of might for 52 gold pieces
  7675 | D:7      | Bought a potion of lignification for 39 gold pieces
  7675 | D:7      | Bought a potion of cancellation for 104 gold pieces
  7675 | D:7      | Bought a potion of curing for 39 gold pieces
  7675 | D:7      | Bought a potion of might for 52 gold pieces
  7835 | D:7      | Noticed Pikel
  7922 | D:7      | Killed Pikel
  7923 | D:7      | Reached XP level 10. HP: 41/66 MP: 10/10
  8210 | D:8      | Noticed a death yak
  8219 | D:8      | Noticed a death yak
  8229 | D:8      | Noticed a death yak
  8235 | D:8      | Noticed Maggie
  8254 | D:8      | Killed a death yak
  8267 | D:8      | Killed a death yak
  8272 | D:8      | Killed a death yak
  8273 | D:8      | Reached skill level 5 in Dodging
  8290 | D:8      | Killed Maggie
  8330 | D:8      | Found a staircase to the Lair.
  8544 | D:8      | Acquired the +2 hat of Boiling Hail {rElec rPois Dex-2
                  | Slay+5}
  8713 | D:8      | Found a glowing golden altar of the Shining One.
  8756 | D:8      | Found a snail-covered altar of Cheibriados.
  9321 | D:9      | Found a flagged portal.
  9336 | Bailey   | Entered a bailey
  9368 | Bailey   | Reached **** piety under Trog
  9375 | Bailey   | Reached XP level 11. HP: 72/72 MP: 11/11
  9380 | Bailey   | Reached skill level 10 in Fighting
  9492 | Bailey   | Noticed a vault guard
  9505 | Bailey   | Killed a vault guard
  9555 | Bailey   | Noticed Prince Ribbit
  9555 | Bailey   | Noticed a vault guard
  9564 | Bailey   | Killed Prince Ribbit
  9569 | Bailey   | Killed a vault guard
  9664 | D:9      | Acquired the ring of Hycet {rF+ Slay+5}
  9765 | D:9      | Found a staircase to the Orcish Mines.
 10180 | D:10     | Entered Level 10 of the Dungeon
 10188 | D:10     | Noticed a two-headed ogre
 10200 | D:10     | Killed a two-headed ogre
 10207 | D:10     | Reached skill level 10 in Maces & Flails
 10247 | D:10     | Found Tecli's Weapon Shop.
 10251 | D:10     | You are sucked into a shaft and drop 3 floors!
 10285 | D:12     | Noticed a deep elf pyromancer
 10289 | D:12     | Killed a deep elf pyromancer
 10311 | D:12     | Noticed a red ugly thing
 10327 | D:12     | Killed a red ugly thing
 10549 | D:11     | Noticed a cyclops
 10559 | D:11     | Killed a cyclops
 10660 | D:11     | Reached XP level 12. HP: 79/84 MP: 12/12
 10666 | D:11     | Found a flickering gateway to a bazaar.
 10687 | Bazaar   | Entered a bazaar
 10689 | Bazaar   | Found Piohatog's Book Boutique.
 10693 | Bazaar   | Found Yvvo's Assorted Antiques.
 10693 | Bazaar   | Found Kodghoweu's Jewellery Boutique.
 10694 | Bazaar   | Found Wepryfoi's General Store.
 10724 | Bazaar   | Bought a scroll of identify for 18 gold pieces
 10729 | Bazaar   | Bought a scroll of enchant weapon for 255 gold pieces
 10754 | D:10     | Found Ilucoe's Weapon Emporium.
 10858 | D:10     | Found Ruufyj's Jewellery Boutique.
 11122 | D:10     | Found a hazy altar of Hepliaklqana.
 11176 | D:10     | Noticed a two-headed ogre
 11182 | D:10     | Killed a two-headed ogre
 11374 | D:10     | Identified the ring "Cuomaleq" {rN+ Will+ Str+6 Stlth-}
 11635 | D:11     | Noticed a seven-headed hydra
 11646 | D:11     | Killed a seven-headed hydra
 12234 | D:12     | Noticed a two-headed ogre
 12241 | D:12     | Killed a two-headed ogre
 12257 | D:12     | Found Maireg's Distillery.
 12644 | Lair:1   | Entered Level 1 of the Lair of Beasts
 12757 | Lair:1   | Noticed a four-headed hydra
 12764 | Lair:1   | Killed a four-headed hydra
 13058 | Lair:1   | Reached skill level 15 in Fighting
 13227 | Lair:1   | Reached XP level 13. HP: 92/92 MP: 13/13
 13688 | Lair:2   | Found a staircase to the Shoals.
 13824 | Lair:2   | Found a dark tunnel.
 13947 | Volcano  | Entered a volcano
 13956 | Volcano  | Reached ***** piety under Trog
 14059 | Volcano  | Received a gift from Trog
 14062 | Volcano  | Cast into level 2 of the Abyss (a wizard)
 14072 | Abyss:2  | Found a corrupted altar of Lugonu.
 14086 | Abyss:2  | Found a corrupted altar of Lugonu.
 14242 | Abyss:2  | Noticed a tentacled starspawn
 14253 | Abyss:2  | Killed a tentacled starspawn
 14255 | Abyss:2  | Noticed a white draconian
 14267 | Abyss:2  | Found a shimmering altar of Xom.
 14267 | Abyss:2  | Found a shimmering altar of Xom.
 14267 | Abyss:2  | Found a corrupted altar of Lugonu.
 14267 | Abyss:2  | Found a shimmering altar of Xom.
 14268 | Abyss:2  | Found a shimmering altar of Xom.
 14268 | Abyss:2  | Found a shimmering altar of Xom.
 14268 | Abyss:2  | Found a shimmering altar of Xom.
 14269 | Abyss:2  | Found a shimmering altar of Xom.
 14270 | Abyss:2  | Found a shimmering altar of Xom.
 14270 | Abyss:2  | Found a shimmering altar of Xom.
 14313 | Abyss:2  | Found a shimmering altar of Xom.
 14316 | Abyss:2  | Found a shimmering altar of Xom.
 14373 | Abyss:2  | Noticed a tentacled starspawn
 14412 | Abyss:2  | Noticed a starcursed mass
 14435 | Abyss:2  | Killed a tentacled starspawn
 14463 | Abyss:2  | Noticed a starcursed mass
 14872 | Abyss:2  | Noticed a bone dragon
 14894 | Abyss:2  | Killed a bone dragon
 14910 | Abyss:2  | Noticed a tentacled starspawn
 14915 | Abyss:2  | Noticed an eidolon
 14918 | Abyss:2  | Killed a tentacled starspawn
 14923 | Volcano  | Escaped the Abyss
 15330 | Lair:2   | Found a staircase to the Snake Pit.
 15390 | Lair:2   | Reached skill level 1 in Bows
 15689 | Lair:3   | Reached skill level 10 in Armour
 15709 | Lair:3   | Gained mutation: Your large and strong wings let you fly.
                  | [Gargoyle growth]
 15709 | Lair:3   | Reached XP level 14. HP: 45/100 MP: 14/14
 16890 | Lair:4   | Identified the +1 robe of Pessimism {Harm rC+ Str+4 Int-3}
 16912 | Lair:4   | Noticed Sonja
 16915 | Lair:4   | Killed Sonja
 17290 | Lair:4   | Reached skill level 1 in Evocations
 17844 | Lair:5   | Reached skill level 5 in Evocations
 17998 | Lair:5   | Found an iron altar of Okawaru.
 18511 | Lair:6   | Entered Level 6 of the Lair of Beasts
 18566 | Lair:5   | Found a white marble altar of Elyvilon.
 19049 | D:10     | Bought the +7 great mace "Undeadhunter" {disrupt, rN+} for
                  | 843 gold pieces
 19049 | D:10     | Found the +7 great mace "Undeadhunter" {disrupt, rN+}
 19376 | Lair:6   | Reached XP level 15. HP: 62/105 MP: 15/15
 19522 | Lair:6   | Found a viscous altar of Jiyva.
 19523 | Lair:6   | Found a staircase to the Slime Pits.
 19791 | Lair:6   | Reached skill level 15 in Maces & Flails
 20801 | Shoals:1 | Entered Level 1 of the Shoals
 21136 | Shoals:3 | Noticed Ilsuiw
 21192 | Shoals:3 | Killed Ilsuiw
 21239 | Shoals:4 | Entered Level 4 of the Shoals
 21259 | Shoals:4 | Identified the +7 dire flail of Disembowelment {vorpal,
                  | rPois} (Trog gifted it to you on level 4 of the Shoals)
 21259 | Shoals:4 | Received a gift from Trog
 21279 | Shoals:4 | Reached XP level 16. HP: 26/112 MP: 16/16
 21807 | Shoals:4 | Noticed Aizul
 21827 | Shoals:4 | Killed Aizul
 22012 | Shoals:4 | Reached skill level 15 in Armour
 22265 | Shoals:4 | Identified the +8 chain mail of Entitlement {rElec rPois
                  | Str-5}
 22352 | Shoals:4 | Noticed a kraken
 22372 | Shoals:4 | Killed a kraken
 22669 | Shoals:4 | Got a barnacled rune of Zot
 23130 | Snake:1  | Entered Level 1 of the Snake Pit
 23270 | Snake:1  | Found Racub's Antique Weapon Shoppe.
 23282 | Snake:1  | Found Seutylun's Jewellery Shoppe.
 23627 | Snake:1  | Found Irimacy's Self-Improvement Boutique.
 23725 | Snake:1  | Found a glowing silver altar of Zin.
 23773 | Snake:1  | Reached skill level 10 in Dodging
 24341 | Snake:2  | Reached XP level 17. HP: 118/118 MP: 17/17
 24440 | Snake:2  | Noticed Azrael
 24478 | Snake:2  | Killed Azrael
 25251 | Snake:2  | Received a gift from Trog
 25645 | Snake:2  | Identified the +0 leather armour "Qietz" {+Blink Will+++
                  | Int-4 Dex-5}
 26287 | Snake:4  | Entered Level 4 of the Snake Pit
 27162 | Snake:3  | Reached XP level 18. HP: 78/124 MP: 18/18
 27416 | Snake:3  | Received a gift from Trog
 28948 | Snake:4  | Reached skill level 15 in Dodging
 29304 | Snake:4  | Received a gift from Trog
 30546 | Snake:4  | Got a serpentine rune of Zot
 30824 | Orc:1    | Entered Level 1 of the Orcish Mines
 30824 | Orc:1    | Found Jiank's Antique Weapon Shop.
 30847 | Orc:1    | Found Takuetul's Distillery.
 30857 | Orc:1    | Bought a potion of heal wounds for 70 gold pieces
 30860 | Orc:1    | Found Tessishro's Antique Armour Boutique.
 30924 | Orc:2    | Entered Level 2 of the Orcish Mines
 30947 | Orc:2    | Gained mutation: You have a pair of small horns on your
                  | head. [a neqoxec]
 31040 | Orc:2    | Found a staircase to the Elven Halls.
 31526 | Orc:2    | Found Vougua's Magic Scroll Shoppe.
 31526 | Orc:2    | Found Efoaj's Assorted Antiques.
 31784 | Orc:2    | Found Dyd Destru's Assorted Antiques.
 31784 | Orc:2    | Found Susapol's General Store.
 31801 | Orc:2    | Bought a scroll of teleportation for 42 gold pieces
 31801 | Orc:2    | Bought a scroll of teleportation for 42 gold pieces
 32571 | D:13     | Found a runed translucent door.
 32573 | D:13     | Noticed ChodeyFoster420's ghost (journeyman MiBe)
 32884 | D:13     | Found a gate to the Vaults.
 32888 | D:13     | Reached skill level 1 in Shields
 32888 | D:13     | Reached XP level 19. HP: 131/131 MP: 19/19
 33299 | Snake:1  | Bought a manual of Shields for 1120 gold pieces
 33614 | D:13     | Killed ChodeyFoster420's ghost
 33659 | D:13     | Reached skill level 5 in Shields
 34232 | D:14     | Found a runed translucent door.
 34237 | D:14     | Found a runed translucent gate.
 34237 | D:14     | Found a runed translucent gate.
 34238 | D:14     | Found a runed translucent door.
 34249 | D:14     | Found a runed translucent gate.
 34325 | D:14     | Received a gift from Trog
 34344 | D:14     | Reached skill level 10 in Shields
 34658 | D:14     | Noticed Roxanne
 34675 | D:14     | Killed Roxanne
 34792 | D:15     | Entered Level 15 of the Dungeon
 34905 | D:15     | Found a staircase to the Depths.
 35463 | D:15     | Found a portal to a secret trove of treasure.
 35955 | Lair:1   | Lost mutation: You have a pair of small horns on your head.
                  | [potion of mutation]
 35955 | Lair:1   | Gained mutation: You are occasionally teleported next to
                  | monsters. [potion of mutation]
 35955 | Lair:1   | Gained mutation: You have sharp fingernails. [potion of
                  | mutation]
 35955 | Lair:1   | Gained mutation: You have sharp toenails. [potion of
                  | mutation]
 35955 | Lair:1   | Gained mutation: You have a pair of small antennae on your
                  | head. [potion of mutation]
 35956 | Lair:1   | Lost mutation: You have a pair of small antennae on your
                  | head. [potion of mutation]
 35956 | Lair:1   | Lost mutation: You have sharp fingernails. [potion of
                  | mutation]
 35956 | Lair:1   | Lost mutation: You are occasionally teleported next to
                  | monsters. [potion of mutation]
 35956 | Lair:1   | Gained mutation: Your flesh is heat resistant. (rF+)
                  | [potion of mutation]
 35956 | Lair:1   | Gained mutation: You have a pair of small antennae on your
                  | head. [potion of mutation]
 35957 | Lair:1   | Lost mutation: You have a pair of small antennae on your
                  | head. [potion of mutation]
 35957 | Lair:1   | Lost mutation: You have sharp toenails. [potion of
                  | mutation]
 35957 | Lair:1   | Lost mutation: Your flesh is heat resistant. (rF+) [potion
                  | of mutation]
 35957 | Lair:1   | Gained mutation: You are frail. (-10% HP) [potion of
                  | mutation]
 35957 | Lair:1   | Lost mutation: You are frail. (-10% HP) [potion of
                  | mutation]
 35958 | Lair:1   | Gained mutation: Your flesh is heat resistant. (rF+)
                  | [potion of mutation]
 35958 | Lair:1   | Gained mutation: You have very sharp teeth. [potion of
                  | mutation]
 36089 | Vaults:1 | Entered Level 1 of the Vaults
 36101 | Vaults:1 | Reached skill level 15 in Shields
 36166 | Vaults:1 | Received a gift from Trog
 36362 | Vaults:1 | Found Omoeh's Weapon Boutique.
 36486 | Vaults:1 | Reached XP level 20. HP: 139/139 MP: 20/20
 36812 | Vaults:1 | Received a gift from Trog
 37397 | Vaults:2 | You are sucked into a shaft and drop 1 floor!
 37600 | Vaults:3 | Found a magical portal.
 37607 | WizLab   | Entered The Roulette of Golubria
 37607 | WizLab   | Found a transporter.
 37632 | WizLab   | Found the +2 cloak of the Thief {*Fog Slay-2 SInv Stlth+}
 37632 | WizLab   | Found a corrupted altar of Lugonu.
 37837 | WizLab   | Found a corrupted altar of Lugonu.
 37856 | WizLab   | Found a transporter.
 37873 | WizLab   | Found a transporter.
 37905 | WizLab   | Found a transporter.
 37945 | WizLab   | Found a transporter.
 37968 | WizLab   | Found a transporter.
 38004 | WizLab   | Found a corrupted altar of Lugonu.
 38008 | WizLab   | Found a transporter.
 38042 | WizLab   | Found a transporter.
 38062 | WizLab   | Found a transporter.
 38086 | WizLab   | Found a transporter.
 38143 | WizLab   | Found a transporter.
 38143 | WizLab   | Found a transporter.
 38165 | WizLab   | Found a transporter.
 38213 | WizLab   | Found a transporter.
 38300 | WizLab   | Found a transporter.
 38411 | WizLab   | Identified the +0 cloak of the Hunter {Str+5}
 38438 | WizLab   | Identified the +2 cloak of the Guild-Master {Rampage +Inv
                  | rElec Int-3}
 38513 | WizLab   | Found a transporter.
 38513 | WizLab   | Found a transporter.
 38691 | WizLab   | Found a transporter.
 38712 | WizLab   | Found a transporter.
 38736 | WizLab   | Received a gift from Trog
 38795 | WizLab   | Found a transporter.
 39985 | Vaults:3 | Found a staircase to the Crypt.
 40183 | Vaults:3 | Found a huge runed gate.
 40183 | Vaults:3 | Found a huge runed gate.
 40183 | Vaults:3 | Found a huge runed gate.
 40183 | Vaults:3 | Found a huge runed gate.
 40183 | Vaults:3 | Found a huge runed gate.
 40216 | Vaults:3 | Found a huge runed gate.
 40216 | Vaults:3 | Found a huge runed gate.
 40216 | Vaults:3 | Found a huge runed gate.
 40216 | Vaults:3 | Found a huge runed gate.
 40218 | Vaults:3 | Found a huge runed gate.
 40218 | Vaults:3 | Found a huge runed gate.
 40218 | Vaults:3 | Found a huge runed gate.
 40218 | Vaults:3 | Found a huge runed gate.
 40218 | Vaults:3 | Found a huge runed gate.
 40218 | Vaults:3 | Found a huge runed gate.
 40219 | Vaults:3 | Found a huge runed gate.
 40221 | Vaults:3 | Found a huge runed gate.
 40222 | Vaults:3 | Found a huge runed gate.
 40230 | Vaults:3 | Found a huge runed gate.
 40230 | Vaults:3 | Found a huge runed gate.
 40230 | Vaults:3 | Found a huge runed gate.
 40230 | Vaults:3 | Found a huge runed gate.
 40230 | Vaults:3 | Found a huge runed gate.
 40230 | Vaults:3 | Found a huge runed gate.
 40231 | Vaults:3 | Found a huge runed gate.
 40234 | Vaults:3 | Noticed Sojobo
 40244 | Vaults:3 | Paralysed by an air elemental for 1 turns
 40249 | Vaults:3 | Paralysed by an air elemental for 1 turns
 40251 | Vaults:3 | Paralysed by an air elemental for 1 turns
 40260 | Vaults:3 | Paralysed by an air elemental for 1 turns
 40263 | Vaults:3 | Paralysed by an air elemental for 1 turns
 40266 | Vaults:3 | Paralysed by an air elemental for 1 turns
 40271 | Vaults:3 | Paralysed by an air elemental for 1 turns
 40276 | Vaults:3 | Paralysed by an air elemental for 1 turns
 40285 | Vaults:3 | Paralysed by an air elemental for 1 turns
 40296 | Vaults:3 | Paralysed by an air elemental for 1 turns
 40299 | Vaults:3 | Killed Sojobo
 40299 | Vaults:3 | Received a gift from Trog
 40300 | Vaults:3 | Reached XP level 21. HP: 143/152 MP: 21/21
 40423 | Vaults:3 | Paralysed by a great orb of eyes for 6 turns
 40463 | Vaults:3 | Found a huge runed gate.
 40464 | Vaults:3 | Found a huge runed gate.
 40472 | Vaults:3 | Found a huge runed gate.
 40472 | Vaults:3 | Found a huge runed gate.
 40472 | Vaults:3 | Found a huge runed gate.
 40472 | Vaults:3 | Found a huge runed gate.
 40472 | Vaults:3 | Found a huge runed gate.
 40472 | Vaults:3 | Found a huge runed gate.
 40473 | Vaults:3 | Found a huge runed gate.
 40474 | Vaults:3 | Found a huge runed gate.
 40475 | Vaults:3 | Found a huge runed gate.
 40547 | Vaults:3 | Found the dreamshard necklace {*Dream Drain}
 41111 | Vaults:4 | Noticed Jory
 41171 | Vaults:4 | Killed Jory
 41188 | Vaults:4 | Reached ****** piety under Trog
 41262 | Vaults:4 | Received a gift from Trog
 41752 | Vaults:4 | Found Sunij's Magic Scroll Boutique.
 42419 | Elf:1    | Entered Level 1 of the Elven Halls
 42437 | Elf:1    | Received a gift from Trog
 42448 | Elf:1    | Found a radiant altar of Vehumet.
 42676 | Elf:1    | Reached XP level 22. HP: 160/164 MP: 22/22
 42818 | Elf:1    | Paralysed by an air elemental for 1 turns
 43041 | Elf:1    | Found an ancient bone altar of Kikubaaqudgha.
 43740 | Elf:2    | Paralysed by an air elemental for 1 turns
 43745 | Elf:2    | Paralysed by an air elemental for 1 turns
 43817 | Elf:2    | Found Mes Esut's Book Shoppe.
 43855 | Elf:2    | Found a radiant altar of Vehumet.
 44108 | Elf:2    | Received a gift from Trog
 44409 | Elf:2    | Found a runed translucent gate.
 44409 | Elf:2    | Found a runed translucent gate.
 44410 | Elf:2    | Found a runed translucent gate.
 44596 | Elf:2    | Reached skill level 27 in Fighting
 44837 | Elf:3    | Entered Level 3 of the Elven Halls
 44867 | Elf:3    | Received a gift from Trog
 45093 | Elf:3    | Found Zifuaf's Distillery.
 45113 | Elf:3    | Bought a potion of heal wounds for 55 gold pieces
 45113 | Elf:3    | Bought a potion of heal wounds for 55 gold pieces
 45113 | Elf:3    | Bought a potion of heal wounds for 55 gold pieces
 45113 | Elf:3    | Bought a potion of heal wounds for 55 gold pieces
 45113 | Elf:3    | Bought 2 potions of heal wounds for 110 gold pieces
 45162 | Elf:3    | Paralysed by an air elemental for 1 turns
 45239 | Elf:3    | Received a gift from Trog
 45456 | Elf:3    | Found a bloodstained altar of Trog.
 45462 | Elf:3    | Found a transporter.
 45470 | Elf:3    | Found a transporter.
 45616 | Elf:3    | Paralysed by an air elemental for 1 turns
 45656 | Elf:3    | Identified the +7 whip of Inconvenience {drain, Will+ Str+4
                  | Int+6}
 45656 | Elf:3    | Identified the ring "Saptoa" {*Corrode rF+ Int+9 Slay+2
                  | SInv}
 45676 | Elf:3    | Reached XP level 23. HP: 174/175 MP: 23/23
 45758 | Elf:3    | Received a gift from Trog
 45814 | Elf:3    | Identified the ring of Qablo {rN+ Int+6 SInv}
 45870 | Elf:3    | Identified the +5 arbalest "Zoerridi" {freeze, Str+3}
 45935 | Elf:3    | Identified the +6 rapier of Brawling {speed, *Noise rElec
                  | Will+ Int+4}
 46111 | Elf:3    | Identified the +0 scale mail "Vobuo" {rN+ Dex+3}
 46815 | Elf:3    | Noticed taxman66's ghost (adept MiGl)
 46921 | Elf:3    | Killed taxman66's ghost
 46926 | Elf:3    | Identified the +0 pair of gloves of the Shrike {Harm rCorr
                  | Str+3}
 47575 | Orc:2    | Bought a scroll of enchant weapon for 90 gold pieces
 47575 | Orc:2    | Bought a scroll of enchant armour for 90 gold pieces
 47861 | Depths:1 | Entered Level 1 of the Depths
 47878 | Depths:1 | Noticed Qiwept's ghost (veteran BaIE)
 47943 | Depths:1 | Found a gateway to Hell.
 48005 | Depths:1 | Found Lalar's Antique Armour Boutique.
 48422 | Depths:1 | Found a sacrificial altar of Ru.
 48538 | Depths:1 | Found a runed translucent door.
 48670 | Depths:1 | Received a gift from Trog
 48785 | Depths:1 | Killed Qiwept's ghost
 49185 | Depths:2 | Found Corulahu's Jewellery Emporium.
 49185 | Depths:2 | Found Huxyuc's Magic Scroll Shoppe.
 49186 | Depths:2 | Found Tuajoczu's Antique Armour Emporium.
 49188 | Depths:2 | Found Yzuefin's Jewellery Shoppe.
 49199 | Depths:2 | Bought a scroll of enchant armour for 112 gold pieces
 49199 | Depths:2 | Bought a scroll of teleportation for 45 gold pieces
 49237 | Depths:2 | Found Kearcham's Magic Scroll Shoppe.
 49334 | Depths:2 | Found a one-way gate leading to the halls of Pandemonium.
 49413 | Depths:2 | Noticed the Enchantress
 49435 | Depths:2 | Killed the Enchantress
 49659 | Depths:2 | Identified the +2 dagger of Putrescence {protect, Str-3
                  | Int+4 Stlth+}
 49981 | Depths:2 | Identified the +2 cloak "Ewniu" {+Inv rC+ Will+ Int+3}
 50026 | Depths:2 | Received a gift from Trog
 50528 | Depths:2 | Noticed Nikola
 50543 | Depths:2 | Killed Nikola
 50654 | Depths:2 | Noticed a caustic shrike
 50685 | Depths:2 | Killed a caustic shrike
 50848 | Depths:2 | Reached XP level 24. HP: 177/180 MP: 23/23
 50967 | Depths:2 | Found a one-way gateway to a ziggurat.
 51839 | Depths:3 | Received a gift from Trog
 51865 | Depths:3 | You are sucked into a shaft and drop 1 floor!
 51865 | Depths:4 | Entered Level 4 of the Depths
 51996 | Depths:4 | Found a gate to the Realm of Zot.
 52180 | Depths:4 | Found Rihang's CLEARANCE SALE!.
 52188 | Depths:4 | Bought 6 datura-tipped darts for 16 gold pieces
 52811 | Crypt:1  | Entered Level 1 of the Crypt
 53857 | Crypt:1  | Received a gift from Trog
 55052 | Crypt:2  | Identified the +1 robe of the Teacher {Dex+2}
 55737 | Crypt:2  | Received a gift from Trog
 56098 | Crypt:3  | Entered Level 3 of the Crypt
 56379 | Crypt:3  | Reached XP level 25. HP: 133/187 MP: 23/23
 56950 | Crypt:3  | Found a staircase to the Tomb.
 57183 | Crypt:3  | Received a gift from Trog
 57417 | Crypt:3  | Found an ancient bone altar of Kikubaaqudgha.
 57445 | Crypt:3  | Found a basalt altar of Yredelemnul.
 58511 | Slime:1  | Entered Level 1 of the Pits of Slime
 59002 | Slime:2  | Received a gift from Trog
 59002 | Slime:2  | Gained mutation: Your magical capacity is low. (-10% MP) [a
                  | shining eye]
 59006 | Slime:2  | Gained mutation: Your body sometimes deteriorates upon
                  | taking damage. [a shining eye]
 59007 | Slime:2  | Gained mutation: You sometimes lose the ability to read
                  | scrolls when taking damage. [a shining eye]
 59009 | Slime:2  | Gained mutation: You are weak. (Str -2) [a shining eye]
 59011 | Slime:2  | Lost mutation: You are weak. (Str -2) [a shining eye]
 59013 | Slime:2  | Gained mutation: You are weak. (Str -2) [a shining eye]
 59151 | Lair:1   | Lost mutation: You sometimes lose the ability to read
                  | scrolls when taking damage. [potion of mutation]
 59151 | Lair:1   | Lost mutation: Your body sometimes deteriorates upon taking
                  | damage. [potion of mutation]
 59151 | Lair:1   | Gained mutation: Your mind is acute. (Int +2) [potion of
                  | mutation]
 59151 | Lair:1   | Lost mutation: You are weak. (Str -2) [potion of mutation]
 59151 | Lair:1   | Gained mutation: Your flesh is very heat resistant. (rF++)
                  | [potion of mutation]
 59425 | Slime:5  | Entered Level 5 of the Pits of Slime
 59550 | Slime:5  | Gained mutation: You are frail. (-10% HP) [a shining eye]
 59801 | Slime:5  | Noticed the Royal Jelly
 59822 | Slime:5  | Killed the Royal Jelly
 60178 | Slime:5  | Reached XP level 26. HP: 173/173 MP: 20/20
 60513 | Slime:5  | Gained mutation: Armour fits poorly on your strangely
                  | shaped body. [a shining eye]
 60515 | Slime:5  | Gained mutation: Your magical capacity is very low. (-20%
                  | MP) [a shining eye]
 60517 | Slime:5  | Gained mutation: Your body sometimes deteriorates upon
                  | taking damage. [a shining eye]
 60520 | Slime:5  | Lost mutation: Your mind is acute. (Int +2) [potion of
                  | mutation]
 60520 | Slime:5  | Lost mutation: You have very sharp teeth. [potion of
                  | mutation]
 60520 | Slime:5  | Lost mutation: Your magical capacity is very low. (-20% MP)
                  | [potion of mutation]
 60520 | Slime:5  | Lost mutation: Your body sometimes deteriorates upon taking
                  | damage. [potion of mutation]
 60521 | Slime:5  | Lost mutation: Armour fits poorly on your strangely shaped
                  | body. [potion of mutation]
 60521 | Slime:5  | Lost mutation: You are frail. (-10% HP) [potion of
                  | mutation]
 60521 | Slime:5  | Lost mutation: Your flesh is very heat resistant. (rF++)
                  | [potion of mutation]
 60521 | Slime:5  | Gained mutation: Armour fits poorly on your strangely
                  | shaped body. [potion of mutation]
 60521 | Slime:5  | Gained mutation: Your spells are a little easier to cast,
                  | but a little less powerful. [potion of mutation]
 60521 | Slime:5  | Gained mutation: You are partially covered in iridescent
                  | scales. (AC +2) [potion of mutation]
 60630 | Slime:5  | Identified the ring "Siulor" {rF- rC+ EV+4 Dex+3 Stlth+}
 60653 | Slime:5  | Identified the ring "Ivyden" {Contam Fly rC+ rCorr Dex+3}
 60700 | Slime:5  | Got a slimy rune of Zot
 60713 | Slime:5  | Identified the +8 shortbow of Miykit {flame, Contam rN+
                  | Will+}
 60719 | Slime:5  | Identified the +2 pair of gloves of the Other Side {rN+}
 60779 | Slime:5  | Identified the +8 quarterstaff of Pyromania {elec, rC+
                  | Will++ Dex+3}
 61355 | Vaults:5 | Entered Level 5 of the Vaults
 61547 | Vaults:5 | Received a gift from Trog
 61614 | Vaults:5 | Noticed an ancient lich
 61621 | Vaults:5 | Killed an ancient lich
 61855 | Vaults:5 | Identified the +8 mace of the Glimmering Tiger {freeze, rF+
                  | MP+9 Int+6}
 62188 | Vaults:5 | Identified the +6 scythe "Goblinbane" {venom, rElec rF+ rC-
                  | Dex+5}
 62197 | Vaults:5 | Identified the +13 mace of Ehiukk {flame, Dex+2} (Trog
                  | gifted it to you on level 5 of the Vaults)
 62197 | Vaults:5 | Received a gift from Trog
 62488 | Vaults:5 | Identified the +5 mace of Death's Door {spect, rN+ Dex+5
                  | Stlth+}
 62584 | Vaults:5 | Identified the +9 long sword of the Big Bang {drain, Dex+3}
 62599 | Vaults:5 | Identified the +2 leather armour of the Dozen Eyes {Dex+10}
 62939 | Lair:1   | Lost mutation: Armour fits poorly on your strangely shaped
                  | body. [potion of mutation]
 62939 | Lair:1   | Lost mutation: Your spells are a little easier to cast, but
                  | a little less powerful. [potion of mutation]
 62939 | Lair:1   | Lost mutation: Your flesh is heat resistant. (rF+) [potion
                  | of mutation]
 62939 | Lair:1   | Gained mutation: You are clumsy. (Dex -2) [potion of
                  | mutation]
 62939 | Lair:1   | Gained mutation: Armour fits poorly on your strangely
                  | shaped body. [potion of mutation]
 62939 | Lair:1   | Gained mutation: You are somewhat resistant to further
                  | mutation. [potion of mutation]
 63291 | Vaults:5 | Identified the +8 plate armour "Qeclyg" {*Slow rElec Regen+
                  | Int+4}
 63292 | Vaults:5 | Identified the +1 dagger of the Well-Known Portals {vorpal,
                  | rF- rCorr Int+3 Dex+5}
 63362 | Vaults:5 | Gained mutation: You are dopey. (Int -2) [a shining eye]
 63396 | Vaults:5 | Got a silver rune of Zot
 63770 | Hell     | Entered the Vestibule of Hell
 63770 | Hell     | Noticed Geryon
 63786 | Hell     | Killed Geryon
 64075 | Depths:3 | Noticed Xtahua
 64084 | Depths:3 | Reached XP level 27. HP: 199/199 MP: 20/20
 64088 | Depths:3 | Killed Xtahua
 64775 | Depths:3 | Found a one-way gate to the infinite horrors of the Abyss.
 65093 | Hell     | Received a gift from Trog
 65420 | Hell     | Found a gateway to the decaying netherworld of Tartarus.
 65483 | Hell     | Found a gateway to the ashen valley of Gehenna.
 65704 | Hell     | Found a gateway to the Iron City of Dis.
 65768 | Hell     | Found a gateway to the freezing wastes of Cocytus.
 65776 | Hell     | Paralysed by a wendigo for 1 turns
 66262 | Lair:1   | Upgraded the game from 0.28.0 to 0.28.0-1-gb440e238dd
 66521 | Depths:3 | Voluntarily entered the Abyss.
 66529 | Abyss:1  | Found a corrupted altar of Lugonu.
 66791 | Abyss:1  | Paralysed by accursed screaming for 1 turns
 67509 | Abyss:2  | Paralysed by accursed screaming for 1 turns
 67617 | Abyss:2  | Gained mutation: Your spells are a little easier to cast,
                  | but a little less powerful. [a shining eye]
 68696 | Abyss:3  | Upgraded the game from 0.28.0-1-gb440e238dd to
                  | 0.28.0-43-g3370ac3207
 69470 | Abyss:4  | Reached skill level 27 in Armour
 69470 | Abyss:4  | Reached skill level 10 in Evocations
 69470 | Abyss:4  | Got an abyssal rune of Zot
 69522 | Abyss:4  | Paralysed by accursed screaming for 1 turns
 69702 | Abyss:4  | Paralysed by accursed screaming for 2 turns
 69709 | Abyss:4  | Paralysed by accursed screaming for 2 turns
 69717 | Abyss:4  | Paralysed by accursed screaming for 2 turns
 69859 | Depths:3 | Escaped the Abyss
 70184 | Elf:3    | Bought a potion of mutation for 88 gold pieces
 70184 | Elf:3    | Bought a potion of mutation for 88 gold pieces
 70184 | Elf:3    | Bought a potion of mutation for 88 gold pieces
 70184 | Elf:3    | Bought a potion of mutation for 88 gold pieces
 70184 | Elf:3    | Lost mutation: You are partially covered in iridescent
                  | scales. (AC +2) [potion of mutation]
 70184 | Elf:3    | Lost mutation: You are somewhat resistant to further
                  | mutation. [potion of mutation]
 70184 | Elf:3    | Lost mutation: You are dopey. (Int -2) [potion of mutation]
 70184 | Elf:3    | Lost mutation: Your spells are a little easier to cast, but
                  | a little less powerful. [potion of mutation]
 70185 | Elf:3    | Lost mutation: You are clumsy. (Dex -2) [potion of
                  | mutation]
 70185 | Elf:3    | Lost mutation: Your magical capacity is low. (-10% MP)
                  | [potion of mutation]
 70185 | Elf:3    | Lost mutation: Armour fits poorly on your strangely shaped
                  | body. [potion of mutation]
 70185 | Elf:3    | Gained mutation: You occasionally shout uncontrollably at
                  | your foes. [potion of mutation]
 70185 | Elf:3    | Gained mutation: You expend magic power (3 MP) to
                  | strengthen your wands. [potion of mutation]
 70185 | Elf:3    | Gained mutation: You are agile. (Dex +2) [potion of
                  | mutation]
 70185 | Elf:3    | Gained mutation: You are very agile. (Dex +4) [potion of
                  | mutation]
 70658 | Zot:1    | Entered Level 1 of the Realm of Zot
 70694 | Zot:1    | Found a large runed translucent door.
 70694 | Zot:1    | Found a large runed translucent door.
 70696 | Zot:1    | Noticed stpyramids's ghost (legendary DDFi)
 70726 | Zot:1    | Killed stpyramids's ghost
 70869 | Zot:1    | Gained mutation: You are weak. (Str -2) [mutagenic glow]
 70887 | Zot:1    | Lost mutation: You are weak. (Str -2) [mutagenic glow]
 70903 | Zot:1    | Gained mutation: You tend to lose your temper in combat.
                  | [mutagenic glow]
 70919 | Zot:1    | Gained mutation: You are frail. (-10% HP) [mutagenic glow]
 70989 | Zot:1    | Lost mutation: You expend magic power (3 MP) to strengthen
                  | your wands. [potion of mutation]
 70989 | Zot:1    | Lost mutation: You occasionally shout uncontrollably at
                  | your foes. [potion of mutation]
 70989 | Zot:1    | Lost mutation: You are very agile. (Dex +4) [potion of
                  | mutation]
 70989 | Zot:1    | Gained mutation: Your body sometimes deteriorates upon
                  | taking damage. [potion of mutation]
 70989 | Zot:1    | Gained mutation: You have large cloven feet. [potion of
                  | mutation]
 70989 | Zot:1    | Gained mutation: Armour fits poorly on your strangely
                  | shaped body. [potion of mutation]
 71309 | Lair:1   | Lost mutation: You are agile. (Dex +2) [potion of mutation]
 71309 | Lair:1   | Lost mutation: You have large cloven feet. [potion of
                  | mutation]
 71309 | Lair:1   | Lost mutation: You are frail. (-10% HP) [potion of
                  | mutation]
 71309 | Lair:1   | Gained mutation: You are weak. (Str -2) [potion of
                  | mutation]
 71309 | Lair:1   | Gained mutation: You have sharp toenails. [potion of
                  | mutation]
 71309 | Lair:1   | Gained mutation: Your body often deteriorates upon taking
                  | damage. [potion of mutation]
 71309 | Lair:1   | Gained mutation: You are robust. (+10% HP) [potion of
                  | mutation]
 71310 | Lair:1   | Lost mutation: You have sharp toenails. [potion of
                  | mutation]
 71310 | Lair:1   | Lost mutation: You are weak. (Str -2) [potion of mutation]
 71310 | Lair:1   | Lost mutation: You are robust. (+10% HP) [potion of
                  | mutation]
 71310 | Lair:1   | Gained mutation: Your spells are a little harder to cast,
                  | but a little more powerful. [potion of mutation]
 71310 | Lair:1   | Gained mutation: Your flesh is heat resistant. (rF+)
                  | [potion of mutation]
 72209 | Zot:2    | Received a gift from Trog
 72332 | Zot:2    | Acquired the amulet of Ozijeir {rElec Regen+ Int+2 Stlth+}
 74197 | Zot:3    | Identified the +4 scimitar of Spores {spect, Will+ MP+9
                  | Dex+6}
 74462 | Zot:3    | Identified the +8 short sword of Nightmares {spect, rC+
                  | Str+3}
 74810 | Zot:3    | You are sucked into a shaft and drop 1 floor!
 74913 | Zot:4    | Reached skill level 15 in Evocations
 74938 | Zot:4    | Received a gift from Trog
 74957 | Zot:4    | Noticed an orb of fire
 74964 | Zot:4    | Killed an orb of fire
 75918 | Zot:5    | Entered Level 5 of the Realm of Zot
 76113 | Zot:5    | Noticed an ancient lich
 76121 | Zot:5    | Noticed a dread lich
 76124 | Zot:5    | Noticed an orb of fire
 76136 | Zot:5    | Killed an ancient lich
 76137 | Zot:5    | Gained mutation: Your magical capacity is low. (-10% MP)
                  | [an orb of fire]
 76149 | Zot:5    | Killed from afar by a Killer Klown

Illustrated notes

Levels and vault maps discovered:
D:1:      scummos_arrival_checkerplants, layout_basic
D:2:      minmay_chambers_of_twos, layout_loops_corners
D:3:      layout_loops_ring, nicolae_overflow_ecumenical_swirl,
          amcnicky_altar_gilded, lightli_temple_of_fire,
          nicolae_kikubaaqudgha_miasma_corner, yredelemnul_altar_generic,
          serial_bayou_crossing, uniq_natasha
D:4:      layout_gridville, uniq_edmund
D:5:      layout_rooms, mainiacjoe_overflow_paths
D:6:      layout_basic, nicolae_gozag_seed_capital, xom_teletrap_fun,
          minmay_temple_entry_wispy
D:7:      layout_rooms, mainiacjoe_overflow_brackets,
          lemuel_coloured_pillars_altar, serial_shops, shop,
          nicolae_ossuary_entry_ruins, kennysheep_dice, uniq_pikel
D:8:      layout_basic, kennysheep_mini, nicolae_overflow_crystal_walls,
          dpeg_lair_monsters, uniq_maggie
D:9:      layout_loops_corners, david_orc_2, enter_bailey_3
D:10:     layout_layer_cave, kennysheep_mini_moat, serial_shops,
          nicolae_stop_n_shop_2, nicolae_shop_bloodbath_and_beyond,
          nicolae_shop_hallway_plus
D:11:     layout_rooms, serial_shops, bzr_entry_gold
D:12:     layout_small_grid, serial_shops, shop, minivault_27
D:13:     layout_basic, erik_vaults_2, ebering_ghost_inner_flame,
          kennysheep_boxes
D:14:     layout_roguey, minmay_guarded_unrand_staff_of_olgreb, uniq_roxanne
D:15:     hangedman_depths_entry_civil_slaughter, layout_cave_pods,
          hangedman_decor_growths, nicolae_trove_entry_isolated
Temple:   compressed_dpeg_triangle_lava_temple
Lair:1:   layout_chaotic_city
Lair:2:   layout_concentric_octagons, minmay_shoals_entry_beasts,
          guppyfry_snake_entry_island, lightli_volcano_entry_magma_tube,
          nicolae_lair_grazing_beasts [nicolae_sub_lair_graze_edge,
          nicolae_sub_lair_graze_edge, nicolae_sub_lair_graze_edge,
          nicolae_sub_lair_graze_edge]
Lair:3:   layout_regular_city, grunt_megastairs_4, lemuel_fruit_tree
Lair:4:   layout_roguey, nicolae_quartered_pool_impasse, uniq_sonja
Lair:5:   layout_regular_city, basic_altar, lemuel_oklob_altar
Lair:6:   hangedman_lair_in_review, layout_regular_city, slime_altar_1
Shoals:1: layout_shoals, nicolae_shoals_siren_and_animal_friends
Shoals:2: layout_shoals, gammafunk_ghost_cemetery
Shoals:3: layout_shoals, nicolae_shoals_lost_giant_amphitheater, uniq_ilsuiw
Shoals:4: shoals_end_grunt_ice, layout_shoals, uniq_aizul
Snake:1:  layout_honeycomb, basic_altar, corexii_hall_statues_s,
          nicolae_shop_self_help, minmay_shop_star
Snake:2:  minmay_snake_river, layout_misc_corridors, uniq_azrael
Snake:3:  layout_chambers
Snake:4:  grunt_snake_rune_spirals, layout_onion, beargit_elvish_explorers
Slime:1:  layout_caves
Slime:2:  cheibrodos_slime_lost_civilization_8, layout_caves
Slime:3:  layout_caves
Slime:4:  layout_caves
Slime:5
Orc:1:    layout_diamond_mine, serial_shops, shop_fountains, shop, shop
Orc:2:    grunt_orc_tribal_feast, layout_caves
Elf:1:    eino_elf_arrival_altar, layout_onion_city, basic_altar,
          minmay_elf_crystal_heptagon
Elf:2:    nicolae_elf_blades_splatter_lattice [infiniplex_blade_entry_pillars],
          layout_onion_city, serial_shops, shop, basic_altar, st_stairs_9,
          nicolae_elf_variegated_diamond
Elf:3:    nooodl_elf_gasket, layout_geoelf_octagon, serial_shops,
          nicolae_shop_hallway_plus, gammafunk_ghost_wrathful_warriors,
          grunt_ministairs_11, nicolae_elf_glassroom_feature
Vaults:1: vaults_room_grunt_arrival_ludios, vaults_mumra_chevron_long, v_misc_2,
          v_misc_13, grunt_vaults_hallway_short,
          ontoclasm_vaults_decontamination, dpeg_vaults_monster_box,
          layout_vaults_omnigrid, serial_shops, shop
Vaults:2: hangedman_vaults_stitches, vaults_standard_mumra_enter_the_diamond,
          vaults_dpeg_doors, vaults_room_grid, v_misc_8,
          vaults_room_stairs_pillars, vaults_room_pool, v_rooms_4, v_misc_14,
          v_misc_29, nicolae_vaults_specimen_jars, grunt_vaults_hallway_long,
          nicolae_vaults_little_ls, nicolae_vaults_ring_of_whatevers,
          grunt_vaults_hallway_short, vaults_room_hallway,
          nicolae_vaults_alarming, layout_vaults_omnicross
Vaults:3: mu_enter_wizlab_6, nicolae_vaults_circle_grid_a,
          vaults_room_semicircle, minmay_crypt_entry_skeletal_spiral,
          nicolae_vaults_puzzle_piece, door_vault, v_misc_31,
          hangedman_vaults_pinch, nicolae_vaults_rhombus_7,
          nicolae_vaults_yaktaur_gun_rack, ontoclasm_vaults_loading_screen,
          hangedman_vaults_capsules, v_pattern_3, layout_vaults_maze_snakey,
          uniq_sojobo
Vaults:4: ontoclasm_vaults_eye, v_misc_18, v_rooms_3, v_misc_16,
          hangedman_vaults_hat, nicolae_vaults_minivaults, v_misc_16,
          nicolae_vaults_network_star, v_misc_13,
          nicolae_vaults_mini_display_case, ontoclasm_vaults_ring_square,
          vaults_dpeg_ring, layout_vaults_omnibox, serial_shops, shop_scrolls,
          uniq_jory
Vaults:5: serial_shops
Crypt:1:  layout_gridlike, minivault_24
Crypt:2:  layout_chaotic_city, minmay_misc_feat_cross
Crypt:3:  lightli_unholy_cathedral, layout_chaotic_city,
          tomb_entry_pyramid_bobbens
Depths:1: layout_long_grid, serial_shops, nicolae_inconvenience_store,
          pf_vacation_house_of_asmodeus, hellmonk_ghost_big_iron,
          nicolae_ru_sacrificial_ziggurat
Depths:2: minmay_skeleton_keep, layout_gridlike, enter_ziggurat_e, hell_entry,
          serial_shops, nicolae_shop_stone, pan_entry, grunt_tough_drop,
          minmay_staircase_bubble, minmay_shoptagon, uniq_nikola,
          uniq_enchantress
Depths:3: hangedman_elemental_death_ray, layout_cave_shapes, pan_entry,
          abyss_entry, hell_entry, nrook_campfire, kennysheep_kite_vault,
          infiniplex_staircase_zigzag_2, uniq_xtahua
Depths:4: grunt_twist_and_shout, layout_cross, hellmouth_1,
          nicolae_shop_clearance
Hell
Zot:1:    grunt_zot_stairs_faceoff, layout_misc_corridors,
          ebering_ghost_disaster_area
Zot:2:    layout_gridlike
Zot:3:    layout_gridlike, grunt_megastairs_5
Zot:4:    layout_basic
Zot:5:    layout_concentric_octagons, nicolae_lava_and_water, bh_zot_lava_cross

Skill      XL: |  1  2  3  4  5  6  7  8  9 10 11 12 13 14 15 16 17 18 19 20 21 22 23 24 25 26 27 |
---------------+----------------------------------------------------------------------------------+-----
Fighting       | 4 5 6 7 8 9 13 15 16 17 18 19 22 25 27 | 27.0
Armour         | 3 4 5 6 7 8 10 13 14 15 16 17 21 23 24 25 27 | 27.0
Maces & Flails | 4 5 7 9 11 13 14 16 17 18 20 21 | 21.2
Dodging        | 2 7 10 14 15 16 17 19 21 | 21.1
Bows           | 1 |  1.0
Evocations     | 7 17 | 17.1
Shields        | 1 16 17 | 17.9

Action                   |  1- 3 |  4- 6 |  7- 9 | 10-12 | 13-15 | 16-18 | 19-21 | 22-24 | 25-27 || total
-------------------------+-------+-------+-------+-------+-------+-------+-------+-------+-------++-------
Melee: Mace              |   103 |   188 |       |       |       |       |       |       |       ||   291
       Dire flail        |       |    19 |   262 |   483 |   746 |    28 |       |       |       ||  1538
       Great mace        |       |       |       |       |   239 |  1192 |     3 |   139 |   175 ||  1748
       Headbutt          |       |       |       |       |       |    19 |    81 |       |       ||   100
       Eveningstar       |       |       |       |       |       |     4 |  1366 |  1377 |  2551 ||  5298
       Bite              |       |       |       |       |       |       |   202 |   295 |    81 ||   578
       Demon whip        |       |       |       |       |       |       |       |    83 |       ||    83
       Scimitar          |       |       |       |       |       |       |       |       |    19 ||    19
Throw: Boomerang         |       |       |     1 |       |     4 |     5 |       |       |       ||    10
       Dart              |       |       |       |       |       |    11 |       |       |     1 ||    12
Invok: Trog's Hand       |       |     4 |     5 |    14 |    17 |    31 |     7 |    17 |    46 ||   141
       Berserk           |       |     3 |     3 |    10 |     6 |    10 |     6 |     7 |    15 ||    60
       Brothers in Arms  |       |       |       |       |     1 |     1 |       |     5 |     1 ||     8
Evoke: Wand              |       |       |       |     2 |    16 |     5 |     2 |     6 |       ||    31
       Box of beasts     |       |       |       |       |     1 |       |       |       |       ||     1
       Lightning rod     |       |       |       |       |       |       |     4 |       |       ||     4
       Phantom mirror    |       |       |       |       |       |       |     1 |     1 |       ||     2
       Phial of floods   |       |       |       |       |       |       |       |     1 |       ||     1
       Tin of tremorston |       |       |       |       |       |       |       |       |     1 ||     1
  Use: Scroll            |       |       |    16 |    11 |    11 |    10 |     5 |    11 |     8 ||    72
       Potion            |       |       |     1 |     2 |     3 |     2 |    11 |    12 |    13 ||    44
 Stab: Petrified         |       |       |       |       |     3 |       |       |       |       ||     3
       Petrifying        |       |       |       |       |     1 |       |       |       |       ||     1
       Distracted        |       |       |       |       |       |       |       |     2 |     3 ||     5
       Paralysed         |       |       |       |       |       |       |       |       |     1 ||     1
Armor: Animal skin       |    34 |       |       |       |       |       |       |       |       ||    34
       Ring mail         |    28 |    49 |       |       |       |       |       |       |       ||    77
       Scale mail        |       |    36 |    21 |       |       |       |       |       |       ||    57
       Chain mail        |       |       |    32 |       |       |       |       |       |       ||    32
       Crystal plate arm |       |       |   126 |   396 |   712 |   965 |   919 |   281 |       ||  3399
       Gold dragon scale |       |       |       |       |       |       |       |   567 |  1727 ||  2294
Dodge: Dodged            |    81 |   140 |    73 |   124 |   308 |   471 |   356 |   486 |  1077 ||  3116
Block: Other             |       |       |    36 |    92 |   166 |   263 |       |    24 |    40 ||   621
       Reflection        |       |       |       |       |     2 |    19 |    98 |    64 |    62 ||   245
       Kite shield       |       |       |       |       |       |     3 |  1505 |  1471 |  2914 ||  5893
